 Dungeon Crawl Stone Soup version 0.30-a0-165-g1891117ce2 (webtiles) character file.

Game seed: 11247421545575052377

130 qw the Chopper (level 5, 0/32 HPs)
             Began as a Gargoyle Fighter on Sept 28, 2022.
             Slain by an ogre
             ... wielding a +0 giant club
              (23 damage)
             ... on level 4 of the Dungeon.
             The game lasted 00:00:52 (2576 turns).

qw the Chopper (Gargoyle Fighter)                   Turns: 2576, Time: 00:00:52

Health: 0/32       AC: 10    Str: 22    XL:     5   Next: 13%
Magic:  5/5        EV:  9    Int:  8    God:
Gold:   16         SH:  4    Dex:  9    Spells: 4/4 levels left

rFire   . . .      SeeInvis .    Y - +0 war axe
rCold   . . .      Faith    .    c - +0 buckler
rNeg    + . .      Spirit   .    b - +0 scale mail
rPois   inf        Reflect  .    (no helmet)
rElec   +          Harm     .    h - scarf {repulsion}
rCorr   .          Rampage  .    (no gloves)
Will    .....                    (no boots)
Stlth   ..........               (no amulet)
HPRegen 0.10/turn                (no ring)
MPRegen 0.09/turn                (no ring)

@: repel missiles
A: sickness immunity, AC +4, negative energy resistance 1, electricity
resistance, torment resistance 1, petrification resistance
a: no special abilities


You were on level 4 of the Dungeon.
You visited 1 branch of the dungeon, and saw 3 of its levels.

You collected 198 gold pieces.
You spent 182 gold pieces at shops.


Innate Abilities, Weirdness & Mutations

You are immune to sickness and miasma.
Your stone body is resilient. (AC +4)
You are immune to poison.
You resist negative energy. (rN+)
You are resistant to electric shocks. (rElec)
You are resistant to unholy torment.
You are immune to petrification.


   Skills:
 - Level 3.2 Fighting
 + Level 4.7 Axes
 - Level 3.2 Armour
 - Level 3.2 Shields


You had 4 spell levels left.
You didn't know any spells.
Your spell library was empty.

Inventory:

Hand Weapons
 j - a +0 whip
 Y - a +0 war axe (weapon)
Armour
 b - a +0 scale mail (worn)
 c - a +0 buckler (worn)
 h - a scarf of repulsion (worn)
Potions
 d - a potion of might
 f - 3 potions of curing
 g - a potion of berserk rage {unknown}
 i - 2 potions of heal wounds
 k - a potion of lignification
 l - a potion of mutation {unknown}

Dungeon Overview and Level Annotations

Branches:
Dungeon (2/15)

Altars:

Shops:
D:1 =   D:2 (?!:


Message History

The adder is almost dead.
The adder barely misses you.
You hit the adder.
The adder is almost dead.
The adder closely misses you. The adder bites you but does no damage.
You barely miss the adder.
The adder is almost dead.
The adder bites you but does no damage. x2
You miss the adder.
The adder is almost dead.
The adder bites you but does no damage.
You barely miss the adder.
The adder is almost dead.
The adder bites you but does no damage. You block the adder's attack.
You barely miss the adder.
The adder is almost dead.
You block the adder's attack. The adder bites you but does no damage.
You slash the adder!
You kill the adder!
You start resting.
HP restored.
An ogre comes into view. It is wielding a +0 giant club.
The ogre shouts!
Enter note: You slash the ogre!
The ogre is moderately wounded.
The ogre hits you with a +0 giant club!!
Ouch! That really hurt!
A black bear comes into view.
The black bear moves out of view.
You hear an angry growl.
2575 ||| DRINKING 4 potions of heal wounds.
You feel much better.
The ogre hits you with a +0 giant club!!
Ouch! That really hurt!
2576 ||| DRINKING 3 potions of heal wounds.
You feel much better.
The ogre hits you with a +0 giant club!!
Ouch! That really hurt!
You die...

.#####.
#.##.##.#
..
#.......#
###
####.####
.# #.# .#
###.####
.#
#......#
.###...
#.#.##.#
.....#
#.#..# #
####.# #
##@# #
#O# ##
... .#
##.## ##
#.# #.#
.h# ...


You could see a black bear and an ogre.

Vanquished Creatures
  A gnoll (D:1)
  8 adders
  2 dart slugs
  4 ball pythons
  6 endoplasms
  5 goblins
  2 hobgoblins (D:1)
  2 kobolds (D:1)
  7 quokkas
  2 bats (D:1)
  3 frilled lizards (D:1)
  3 rats
45 creatures vanquished.

Notes
Turn   | Place    | Note
-------+----------+-------------------------------------------
     0 | D:1      | qw the Gargoyle Fighter began the quest for the Orb.
     0 | D:1      | Reached XP level 1. HP: 14/14 MP: 1/1
     0 | D:1      | 0 ||| qw: Version: 0.2-a-12-gaebbb33
     0 | D:1      | 0 ||| qw: Game counter: 765
     0 | D:1      | 0 ||| qw: Always use a shield: true
     0 | D:1      | 0 ||| qw: God list: Okawaru
     0 | D:1      | 0 ||| qw: Allow faded altars: false
     0 | D:1      | 0 ||| qw: Do Orc after D:15 true
     0 | D:1      | 0 ||| qw: Do second Lair branch before Depths: true
     0 | D:1      | 0 ||| qw: Lair rune preference: random
     0 | D:1      | 0 ||| qw: Plans: Normal, Zot:1-4, God:TSO, Crypt, Tomb,
                  | Pan, Slime:5, Hells, Abyss, Orb
     0 | D:1      | 0 ||| PLANNING D:1-11
    97 | D:1      | 97 ||| Stepping ~*~*~tactically~*~*~ (stealth).
   113 | D:1      | Reached skill level 2 in Axes
   178 | D:1      | Reached XP level 2. HP: 14/19 MP: 2/2
   392 | D:1      | 392 ||| Stepping ~*~*~tactically~*~*~ (stealth).
   393 | D:1      | 393 ||| Stepping ~*~*~tactically~*~*~ (stealth).
   398 | D:1      | 398 ||| Stepping ~*~*~tactically~*~*~ (stealth).
   408 | D:1      | 408 ||| Stepping ~*~*~tactically~*~*~ (stealth).
   409 | D:1      | 409 ||| Stepping ~*~*~tactically~*~*~ (stealth).
   426 | D:1      | 426 ||| Stepping ~*~*~tactically~*~*~ (stealth).
   629 | D:1      | Found Dasa's One-of-a-Kind Rings.
   647 | D:1      | 647 ||| SHOPLISTING +1 ring of slaying (66 gold, have 53).
   647 | D:1      | 647 ||| SHOPLISTING +3 ring of strength (110 gold, have
                  | 53).
   647 | D:1      | 647 ||| SHOPLISTING +6 ring of protection (858 gold, have
                  | 53).
   647 | D:1      | 647 ||| SHOPLISTING +9 ring of dexterity (858 gold, have
                  | 53).
   647 | D:1      | 647 ||| SHOPLISTING ring "Doyr" {rPois rN+++ Dex-3 Slay+6
                  | Stlth-} (720 gold, have 53).
   647 | D:1      | 647 ||| SHOPLISTING ring "Qeboroer" {rN+ Int+5 Slay-2 SInv}
                  | (311 gold, have 53).
   647 | D:1      | 647 ||| SHOPLISTING ring of Duric {rPois rC+ Dex+2} (444
                  | gold, have 53).
   652 | D:1      | 652 ||| Stepping ~*~*~tactically~*~*~ (hiding).
   818 | D:1      | Reached skill level 3 in Axes
   821 | D:1      | 821 ||| DROPPING +0 club.
   967 | D:1      | Found a faded altar of an unknown god.
  1112 | D:1      | Reached XP level 3. HP: 10/23 MP: 3/3
  1316 | D:1      | 1316 ||| Stepping ~*~*~tactically~*~*~ (stealth).
  1680 | D:1      | 1680 ||| UPGRADING to scarf of repulsion.
  1685 | D:1      | 1685 ||| READING scroll labelled XEIMI YBODD.
  1739 | D:1      | 1739 ||| READING scroll labelled HAOPHA KEPENOT.
  1743 | D:1      | 1743 ||| READING scroll labelled HARAIK XUQUAQ.
  1744 | D:1      | 1744 ||| READING scroll labelled VEIJYA KEBIQ.
  1811 | D:2      | 1811 ||| Stepping ~*~*~tactically~*~*~ (stealth).
  1813 | D:2      | 1813 ||| Stepping ~*~*~tactically~*~*~ (stealth).
  1814 | D:2      | 1814 ||| Stepping ~*~*~tactically~*~*~ (stealth).
  1822 | D:2      | Reached XP level 4. HP: 27/28 MP: 4/4
  1834 | D:2      | 1834 ||| Stepping ~*~*~tactically~*~*~ (stealth).
  1835 | D:2      | 1835 ||| Stepping ~*~*~tactically~*~*~ (stealth).
  1837 | D:2      | 1837 ||| Stepping ~*~*~tactically~*~*~ (stealth).
  1871 | D:2      | Found Dajerieq's Book Shop.
  1938 | D:2      | Reached skill level 4 in Axes
  2037 | D:2      | 2037 ||| Stepping ~*~*~tactically~*~*~ (stealth).
  2134 | D:2      | Found Juopnexaism's Distillery.
  2137 | D:2      | Found Zusajuro's Magic Scroll Shoppe.
  2139 | D:2      | 2139 ||| BUYING potion of curing (39 gold).
  2139 | D:2      | Bought a potion of curing for 39 gold pieces
  2139 | D:2      | 2139 ||| BUYING potion of curing (39 gold).
  2139 | D:2      | Bought a potion of curing for 39 gold pieces
  2139 | D:2      | 2139 ||| SHOPLISTING potion of haste (130 gold, have 110).
  2139 | D:2      | 2139 ||| BUYING potion of heal wounds (65 gold).
  2139 | D:2      | Bought a potion of heal wounds for 65 gold pieces
  2139 | D:2      | 2139 ||| BUYING potion of lignification (39 gold).
  2139 | D:2      | Bought a potion of lignification for 39 gold pieces
  2139 | D:2      | 2139 ||| SHOPLISTING potion of might (52 gold, have 6).
  2139 | D:2      | 2139 ||| SHOPLISTING potion of mutation (104 gold, have 6).
  2159 | D:2      | 2159 ||| SHOPLISTING scroll of enchant weapon (90 gold,
                  | have 6).
  2159 | D:2      | 2159 ||| SHOPLISTING scroll of identify (24 gold, have 6).
  2205 | D:2      | 2205 ||| FLEEEEING.
  2207 | D:2      | 2207 ||| FLEEEEING.
  2208 | D:2      | 2208 ||| FLEEEEING.
  2209 | D:2      | 2209 ||| FLEEEEING.
  2215 | D:2      | 2215 ||| STAIRDANCE
  2284 | D:1      | 2284 ||| READING scroll labelled DUUW QINAODDA.
  2285 | D:1      | 2285 ||| READING scroll labelled ZUHYAR YNOGAWN.
  2404 | D:2      | Found Kanuskiv's Antique Weapon Shop.
  2405 | D:2      | You fall into a shaft and drop 2 floors!
  2454 | D:4      | Reached XP level 5. HP: 31/32 MP: 5/5
  2568 | D:4      | Noticed an ogre
  2574 | D:4      | HP: 1/32 [ogre/+0 giant club (31)]
  2574 | D:4      | Noticed a black bear
  2575 | D:4      | 2575 ||| DRINKING 4 potions of heal wounds.
  2576 | D:4      | 2576 ||| DRINKING 3 potions of heal wounds.
  2576 | D:4      | Slain by an ogre

Levels and vault maps discovered:
D:1:      dpeg_arrival_windows_large_door, layout_basic,
          ebering_ecumenical_altar_hall, nicolae_shop_unique_rings,
          chequers_serial_rivers_room_b, minmay_indecisive_spiral
D:2:      layout_rooms, serial_shops, shop, shop, nicolae_shop_stone,
          nicolae_shop_hallway_stairs, corexii_leaking_fountain,
          hangedman_decor_push
D:4:      layout_loops_cross, ebering_ghost_disaster_area, serial_forest,
          infiniplex_forest_straight_2, infiniplex_forest_lined_3_way,
          infiniplex_forest_lined_corner, infiniplex_forest_straight_3,
          infiniplex_forest_lined_room_3, uniq_menkaure

Skill      XL: |  1  2  3  4 |
---------------+-------------+-----
Axes           | 2 3 4 |  4.7
Fighting       | |  3.2
Armour         | |  3.2
Shields        | |  3.2

Action                   |  1- 3 |  4- 6 || total
-------------------------+-------+-------++-------
Melee: War axe           |   106 |    69 ||   175
  Use: Scroll            |     4 |     2 ||     6
       Potion            |       |     2 ||     2
Armor: Scale mail        |    53 |    33 ||    86
Dodge: Dodged            |    64 |    38 ||   102
Block: Buckler           |    20 |    13 ||    33

Table legend:
 A = Non-vault XP
 B = Vault XP
 C = Vault XP percentage of total XP
 D = Non-vault monster count
 E = Vault monster count
 F = Vault count percentage of total count
                 A         B        C        D         E       F
            +---------+---------+-------+---------+---------+-------
      Total |     180 |       6 |   3.2 |      41 |       4 |   8.9
            +---------+---------+-------+---------+---------+-------
        D:1 |      57 |       6 |   9.5 |      24 |       4 |  14.3
        D:2 |      96 |       0 |   0.0 |      15 |       0 |   0.0
        D:4 |      27 |       0 |   0.0 |       2 |       0 |   0.0
            +---------+---------+-------+---------+---------+-------
